Map: Cosmic Sapphire

Players

Leon

  • Race: Zerg Zerg
  • Spawn Location: 5:00

Folly - Winner!

  • Race: Protoss Protoss
  • Spawn Location: 11:00

VOD

Have the link to the VOD?

Description

Time

  • Played on: July 29, 2022, 9:15 a.m.
  • Length: 15:16
Show
View Real Time Build Order
Export as new Build Order

Leon Zerg 

Build Orders: Hatch First 

Get SALT Encoding   

  12  0:02  Drone  
  13  0:15  Overlord  
  13  0:19  Drone  
  14  0:34  Drone x2  
  16  0:50  Hatchery  
  16  0:56  Drone  
  16  1:00  Drone  
  16  1:01  Drone  
  18  1:14  Extractor  
  17  1:18  Drone, Spawning Pool  
  17  1:21  Drone  
  18  1:34  Drone  
  19  1:43  Drone  
  20  1:54  Overlord  
  20  2:03  Drone  
  20  2:05  Zergling x2  
  20  2:08  Queen x2  
  22  2:12  Zergling x2  
  27  2:21  Drone  
  28  2:23  Drone  
  28  2:28  Metabolic Boost  
  29  2:32  Drone  
  30  2:40  Overlord  
  30  2:43  Drone  
  30  2:44  Hatchery  
  30  2:49  Queen  
  32  2:52  Drone  
  32  2:54  Drone  
  34  3:10  Drone  
  34  3:11  Drone x3  
  36  3:20  Drone x3  
  36  3:21  Drone  
  40  3:28  Queen  
  42  3:36  Baneling Nest, Drone  
  42  3:39  Roach Warren  
  42  3:41  Zergling x6  
  43  3:46  Overlord  
  44  3:50  Overlord  
  44  3:59  Queen  
  44  4:00  Drone  
  44  4:01  Drone x3  
  50  4:04  Overlord  
  50  4:06  Drone x2  
  50  4:07  Drone x2  
  54  4:10  Queen  
  56  4:17  Drone  
  56  4:18  Drone x3  
  60  4:27  Drone x2  
  60  4:29  Drone  
  63  4:45  Drone x4  
  66  4:46  Evolution Chamber  
  66  4:48  Evolution Chamber, Spore Crawler  
  66  4:49  Spore Crawler  
  66  4:51  Extractor  
  62  4:53  Drone  
  62  4:54  Drone x4  
  62  4:57  Drone x2  
  66  5:16  Drone  
  66  5:17  Drone  
  66  5:18  Extractor x2, Drone x3  
  66  5:19  Drone x3  
  66  5:21  Zergling x4  
  74  5:28  Zerg Melee Weapons Level 1  
  74  5:32  Extractor  
  73  5:35  Extractor  
  72  5:42  Hatchery  
  72  5:45  Lair  
  72  5:47  Drone x3  
  72  5:49  Overlord  
  67  6:17  Drone x3  
  67  6:18  Drone x3  
  72  6:19  Drone  
  72  6:20  Overlord  
  72  6:22  Overlord  
  72  6:23  Overlord x2  
  74  6:28  Overlord  
  74  6:45  Zerg Missile Weapons Level 1  
  74  6:46  Drone x2  
  76  6:48  Hatchery  
  76  6:49  Queen  
  77  6:56  Drone  
  77  6:57  Drone x3  
  77  6:58  Spore Crawler, Drone  
  81  7:05  Queen  
  81  7:06  Queen x2  
  87  7:11  Glial Reconstitution  
  87  7:13  Centrifugal Hooks  
  87  7:23  Roach x3, Zergling x10  
  87  7:24  Roach x5, Zergling x4  
  87  7:27  Overseer  
  110  7:31  Drone x2  
  110  7:34  Overlord  
  107  7:51  Zerg Melee Weapons Level 2  
  107  7:55  Infestation Pit  
  107  7:58  Roach x4, Zergling x6  
  99  7:59  Roach x7, Zergling x8  
  99  8:00  Roach  
  112  8:12  Roach x4, Zergling x4  
  107  8:23  Roach x4, Zergling x4  
  107  8:24  Roach x2  
  113  8:34  Roach x4, Zergling x2  
  88  8:42  Zergling x2  
  88  8:43  Roach x4, Zergling x4  
  88  8:46  Queen x2  
  88  8:47  Queen x2  
  88  8:48  Queen  
  107  8:49  Zergling x2  
  107  8:50  Zergling x2  
  107  8:52  Zergling x2  
  92  9:04  Roach x2, Zergling x4  
  76  9:22  Queen  
  76  9:23  Roach x2, Zergling x6  
  80  9:36  Roach x3, Zergling x2  
  87  9:47  Roach x2, Zergling x2  
  87  9:48  Roach x2  
  96  10:00  Drone x3  
  96  10:01  Drone x2  
  96  10:03  Drone x4  
  105  10:07  Baneling  
  105  10:08  Baneling x4  
  105  10:09  Baneling x2  
  105  10:11  Baneling x2  
  105  10:12  Baneling  
  98  10:31  Roach, Zergling x2  
  98  10:32  Zergling x2  
  102  10:36  Overlord x5  
  102  10:45  Zerg Missile Weapons Level 2  
  102  10:46  Overlord  
  102  11:04  Drone x3  
  102  11:05  Drone x5  
  102  11:07  Drone x2  
  102  11:08  Drone x2, Queen  
  116  11:11  Drone  
  116  11:12  Drone x2  
  116  11:15  Ravager x4  
  116  11:17  Ravager x2  
  125  11:19  Ravager x2  
  125  11:20  Ravager  
  125  11:21  Ravager  
  125  11:22  Ravager x2  
  125  11:23  Ravager  
  132  11:30  Drone x4  
  132  11:32  Drone  
  137  11:33  Drone  
  138  11:40  Drone x2  
  138  11:41  Drone x4  
  144  11:52  Drone  
  144  11:53  Drone x6  
  136  12:07  Spore Crawler  
  134  12:13  Drone  
  134  12:14  Drone x9  
  144  12:32  Spine Crawler  
  144  12:33  Spine Crawler  
  144  12:34  Extractor  
  144  12:35  Hive, Pneumatized Carapace, Extractor, Spine Crawler x2  
  138  12:46  Drone x2  
  138  12:50  Roach x3, Zergling x4  
  138  12:51  Zergling x2  
  149  12:53  Overlord  
  100  13:31  Hydralisk Den  
  80  13:41  Zergling x2  
  80  13:42  Roach x6, Zergling x12  
  80  13:43  Roach x7, Zergling x8  
  80  13:44  Roach x7, Zergling x10  
  116  14:00  Hydralisk x6  
  70  14:18  Roach, Hydralisk x3  
  70  14:19  Roach x2  
  70  14:20  Roach  
  71  14:34  Hydralisk x4  
Show
View Real Time Build Order
Export as new Build Order

Folly Protoss - Winner!

Build Orders: 1 Gate Expand, Oracle Opening 

Get SALT Encoding   

  12  0:00  Probe  
  13  0:13  Probe  
  14  0:19  Pylon  
  14  0:25  Probe  
  15  0:37  Probe (Chrono Boost)  
  15  0:40  Gateway  
  16  0:49  Probe (Chrono Boost)  
  17  0:54  Probe (Chrono Boost)  
  18  0:57  Assimilator  
  18  1:05  Probe  
  19  1:30  Cybernetics Core  
  19  1:34  Nexus  
  19  1:38  Probe  
  21  1:54  Probe  
  21  1:59  Assimilator  
  21  2:06  Probe  
  22  2:10  Pylon  
  22  2:18  Probe  
  23  2:28  Stalker  
  25  2:32  Pylon  
  25  2:41  Twilight Council  
  25  2:50  Gateway, Probe x2  
  27  3:01  Stargate  
  27  3:03  Probe (Chrono Boost)  
  29  3:07  Probe (Chrono Boost)  
  30  3:13  Probe (Chrono Boost)  
  30  3:16  Probe (Chrono Boost)  
  31  3:27  Probe x2  
  31  3:29  Warp Gate  
  33  3:34  Charge (Chrono Boost)  
  33  3:39  Probe x2  
  35  3:47  Oracle  
  38  3:56  Probe x2 (Chrono Boost)  
  40  4:03  Assimilator  
  40  4:05  Assimilator  
  40  4:06  Probe x2 (Chrono Boost)  
  42  4:30  Nexus  
  42  4:33  Pylon  
  42  4:36  Pylon, Oracle (Chrono Boost)  
  45  4:49  Probe x2  
  47  5:01  Probe x2  
  49  5:13  Probe x2  
  51  5:25  Oracle, Probe x2  
  51  5:27  Zealot x2  
  60  5:31  Gateway  
  60  5:32  Gateway  
  60  5:34  Gateway  
  60  5:35  Gateway  
  60  5:37  Probe x2  
  62  5:49  Probe  
  63  5:55  Stargate  
  63  6:03  Oracle  
  63  6:17  Zealot x2  
  67  6:23  Probe x2  
  67  6:24  Probe  
  70  6:29  Pylon  
  70  6:32  Pylon  
  70  6:34  Pylon  
  70  6:35  Probe, Zealot x3  
  70  6:36  Probe x2  
  70  6:38  Zealot  
  70  6:39  Pylon  
  81  6:40  Oracle (Chrono Boost)  
  81  6:42  Forge  
  81  6:43  Forge  
  84  6:48  Probe x3  
  84  6:49  Pylon  
  87  6:58  Zealot  
  87  6:59  Zealot x5  
  87  7:00  Probe x2  
  101  7:02  Oracle (Chrono Boost)  
  104  7:13  Oracle (Chrono Boost)  
  107  7:20  Gateway, Zealot  
  107  7:21  Zealot x5  
  119  7:42  Pylon  
  119  7:47  Pylon  
  119  7:56  Zealot x3  
  119  7:57  Zealot  
  125  8:00  Oracle x2  
  129  8:20  Zealot x6  
  129  8:21  Zealot  
  136  8:29  Pylon  
  136  8:32  Pylon  
  125  8:36  Pylon  
  125  8:37  Oracle  
  128  8:43  Void Ray  
  110  8:56  Gateway  
  110  8:57  Gateway  
  110  9:00  Gateway x2, Zealot x4  
  110  9:01  Zealot x2  
  116  9:04  Gateway  
  94  9:19  Zealot  
  94  9:20  Void Ray (Chrono Boost)  
  98  9:24  Void Ray (Chrono Boost)  
  98  9:25  Dark Shrine  
  88  9:35  Protoss Ground Weapons Level 1 (Chrono Boost)  
  88  9:45  Zealot x3  
  90  9:46  Zealot x4  
  106  9:53  Void Ray  
  106  9:57  Zealot x2  
  106  9:58  Pylon  
  106  9:59  Void Ray  
  114  10:03  Dark Shrine  
  114  10:07  Assimilator  
  114  10:09  Zealot  
  114  10:10  Zealot x2  
  114  10:11  Assimilator, Zealot  
  122  10:20  Zealot  
  122  10:21  Zealot x2  
  114  10:36  Void Ray (Chrono Boost)  
  114  10:41  Nexus  
  114  10:42  Void Ray (Chrono Boost)  
  118  10:45  Assimilator  
  118  10:49  Assimilator  
  118  10:52  Shield Battery  
  118  10:58  Protoss Ground Armor Level 1 (Chrono Boost)  
  118  11:11  Void Ray (Chrono Boost)  
  122  11:15  Void Ray  
  122  11:18  Dark Templar x3  
  128  11:19  Dark Templar  
  134  11:31  Dark Templar x3  
  144  11:52  Void Ray  
  148  11:58  Void Ray  
  142  12:02  Dark Templar  
  142  12:03  Dark Templar x4  
  155  12:10  Probe (Chrono Boost)  
  155  12:12  Probe (Chrono Boost)  
  155  12:13  Probe x2 (Chrono Boost)  
  152  12:20  Dark Templar, Probe (Chrono Boost)  
  152  12:21  Dark Templar  
  158  12:23  Probe x3 (Chrono Boost)  
  158  12:24  Archon x3  
  158  12:25  Probe (Chrono Boost)  
  163  12:32  Probe x3  
  163  12:35  Void Ray  
  166  12:42  Probe  
  167  12:44  Probe x3  
  167  12:47  Zealot x5  
  167  12:49  Protoss Air Weapons Level 1  
  180  12:56  Pylon  
  180  12:58  Pylon  
  180  13:02  Pylon  
  180  13:04  Templar Archives  
  180  13:11  Probe  
  165  13:26  Zealot x6  
  163  13:27  Zealot x4  
  163  13:28  Zealot  
  181  13:59  Void Ray x2  
  181  14:16  High Templar  
  181  14:17  High Templar x7  
  169  14:18  High Templar x2  
  171  14:40  Archon x3  
  171  14:41  Archon  
  171  14:42  Archon  
Tags
 
Add a new tag
Caveats
  • Supply blocks, unpowered buildings, or Contaminate may cause inaccurate times.
  • Supply counts are checked every 10 seconds.